[Event "Titled Tuesday Blitz April 25 Early 2023"]
[White "Jiganchine, Roman"]
[Black "Mazurkiewicz, Michal"]
[WhiteFideId "2603667"]
[BlackFideId "1124943"]
[WhiteElo "2257"]
[BlackElo "2054"]
[Result "0-1"]
[Round "05"]
[TimeControl "180+2"]
[Date "2023.04.25"]
[WhiteClock "0:00:23"]
[BlackClock "0:00:08"]

1. e4 d6 2. d4 Nf6 3. Nc3 c6 4. f4 Qb6 5. Nf3 Bg4 6. e5 Nd5 7. Be2 Nxc3 8. bxc3 d5 9. O-O e6 10. f5 Bxf5 11. Ng5 Bg6 12. Bh5 Be7 13. Nxe6 fxe6 14. Bxg6+ hxg6 15. Qg4 Kd7 16. Rf7 Na6 17. Rxe7+ Kxe7 18. Qxg6 Rae8 19. Bg5+ Kd7 20. Rf1 Kc8 21. h4 c5 22. Be3 c4 23. Rf7 Nc7 24. g3 Rhg8 25. Kg2 Qb2 26. Kh3 Qxc3 27. Bf2 Qa1 28. h5 Qh1+ 29. Kg4 Qe4+ 30. Qxe4 dxe4 31. Be3 Nd5 32. Bd2 c3 33. Bc1 e3 34. Kf3 Ref8 35. Rxf8+ Rxf8+ 36. Ke4 e2 0-1


[Site "https://www.chess.com"]

[Event "Titled Tuesday Blitz April 25 Early 2023"]
[White "Gatterer, Florian"]
[Black "Chakravarthi Reddy, M"]
[WhiteFideId "811688"]
[BlackFideId "25009532"]
[WhiteElo "2221"]
[BlackElo "2201"]
[Result "1-0"]
[Round "05"]
[TimeControl "180+2"]
[Date "2023.04.25"]
[WhiteClock "0:00:13"]
[BlackClock "0:00:02"]

1. c4 e5 2. Nc3 Bb4 3. Nd5 a5 4. a3 Be7 5. e3 c6 6. Nxe7 Nxe7 7. d4 exd4 8. Qxd4 O-O 9. Nf3 d5 10. Bd2 c5 11. Qh4 Nbc6 12. cxd5 Qxd5 13. Bc4 Qf5 14. O-O Ng6 15. Qg3 Nce5 16. Bd5 Rd8 17. e4 Nxf3+ 18. gxf3 Qe5 19. Bc3 Qe8 20. Rad1 Ra6 21. Kh1 Kh8 22. f4 f6 23. f5 Ne5 24. Rg1 Qe7 25. Bxe5 fxe5 26. f4 exf4 27. Qxf4 Rad6 28. Rde1 b5 29. h3 Bb7 30. Bxb7 Qxb7 31. Rg2 Rd4 32. Qf3 Re8 33. Rge2 c4 34. Kg2 Rd3 35. Qf4 Qf7 36. Re3 Rd2+ 37. R1e2 Red8 38. Qf2 R2d3 39. Qf4 b4 40. axb4 axb4 41. e5 c3 42. bxc3 bxc3 43. e6 Qf6 44. Rxd3 Rxd3 45. e7 Qc6+ 46. Kf2 Qe8 47. Qc4 Rxh3 48. Kg2 Rh5 49. Qe6 Rg5+ 50. Kf2 1-0


[Site "https://www.chess.com"]

[Event "Titled Tuesday Blitz April 25 Early 2023"]
[White "Smith, Garrett L"]
[Black "Andrews, Todd"]
[WhiteFideId "2024829"]
[BlackFideId "2012456"]
[WhiteElo "2251"]
[BlackElo "2404"]
[Result "1-0"]
[Round "05"]
[TimeControl "180+2"]
[Date "2023.04.25"]
[WhiteClock "0:00:18"]
[BlackClock "0:00:08"]

1. e4 c5 2. a3 Nc6 3. b4 cxb4 4. axb4 d5 5. b5 Nb8 6. exd5 Qxd5 7. Nc3 Qe5+ 8. Be2 Bg4 9. d4 Qe6 10. d5 Qe5 11. Bb2 Nd7 12. h3 Bxe2 13. Ngxe2 Ngf6 14. O-O g6 15. Re1 Bg7 16. Nd4 Qd6 17. Ba3 Nc5 18. Nb3 b6 19. Nxc5 bxc5 20. Na4 Rc8 21. c4 O-O 22. Rb1 Nd7 23. Qc2 Nb6 24. Re2 Rfe8 25. Rbe1 Bd4 26. Re4 Qg3 27. Bb2 Qxf2+ 28. Qxf2 Bxf2+ 29. Kxf2 Nxa4 30. Ba1 Nb6 31. Rxe7 Rxe7 32. Rxe7 Nxc4 33. Rxa7 Rb8 34. Rc7 Nd6 35. Be5 Rd8 36. Bxd6 Rxd6 37. Rxc5 Kg7 38. Ke3 Kf6 39. Kd4 Kf5 40. Rc6 Rd7 41. b6 Rb7 42. Kc5 Kf4 43. Rc7 Rb8 44. Rxf7+ Kg3 45. Rxh7 Kxg2 46. Rg7 Kxh3 47. Rxg6 Kh4 48. Rc6 Kg5 49. Rc7 Kf6 50. Kc6 Ke5 51. b7 Rd8 52. Re7+ Kd4 53. Rd7 1-0


[Site "https://www.chess.com"]

[Event "Titled Tuesday Blitz April 25 Early 2023"]
[White "Singh, Arvinder Preet"]
[Black "kuanysh1981"]
[WhiteFideId "5013240"]
[WhiteElo "2124"]
[BlackElo "2403"]
[Result "0-1"]
[Round "05"]
[TimeControl "180+2"]
[Date "2023.04.25"]
[WhiteClock "0:00:03"]
[BlackClock "0:00:13"]

1. e4 c5 2. Nf3 e6 3. d4 cxd4 4. Nxd4 a6 5. a3 Qc7 6. Nc3 Nf6 7. f4 d5 8. e5 Nfd7 9. Be3 Nc6 10. Be2 Bc5 11. Qd2 b5 12. O-O O-O 13. Bf3 Nb6 14. b3 Bd7 15. Nce2 Rac8 16. b4 Nc4 17. Qd3 Bb6 18. c3 f6 19. exf6 Rxf6 20. Kh1 Nxe3 21. Qxe3 Nxd4 22. cxd4 Qd6 23. Rac1 Rc4 24. g3 h6 25. Qe5 Qxe5 26. fxe5 Rf8 27. Rxc4 dxc4 28. Kg2 g5 29. Rd1 Kf7 30. Nc3 Rc8 31. d5 exd5 32. Bxd5+ Ke7 33. e6 Bc6 34. Bf3 Kxe6 35. Re1+ Kf6 36. Bxc6 Rxc6 37. Nd5+ Kf7 38. Re7+ Kf8 39. Rb7 Bd4 40. Ne7 Re6 41. Nf5 Bb2 42. Rc7 Bxa3 43. Ng7 Rg6 44. Nf5 Bxb4 45. Kf3 g4+ 46. Ke4 c3 47. Kd5 Rf6 48. Ke5 Rg6 49. Nh4 Bd6+ 50. Kf5 Rg5+ 51. Ke6 Bxc7 52. Nf5 Rxf5 0-1


[Site "https://www.chess.com"]

[Event "Titled Tuesday Blitz April 25 Early 2023"]
[White "Kopczynski, Michal"]
[Black "Benaddi, Mouhcine"]
[WhiteFideId "1124200"]
[BlackFideId "9001050"]
[WhiteElo "2212"]
[BlackElo "2036"]
[Result "1-0"]
[Round "05"]
[TimeControl "180+2"]
[Date "2023.04.25"]
[WhiteClock "0:00:25"]
[BlackClock "0:00:05"]

1. e4 c6 2. d4 d5 3. e5 Bf5 4. g4 Be4 5. f3 Bg6 6. h4 h5 7. Bd3 Bxd3 8. Qxd3 e6 9. g5 Ne7 10. Ne2 Nf5 11. Nd2 c5 12. dxc5 Qc7 13. f4 Bxc5 14. Nb3 Bb6 15. Bd2 a5 16. O-O-O Nc6 17. Qb5 a4 18. Nc5 g6 19. Nxa4 Ra6 20. Bb4 Ba5 21. Ba3 Qd7 22. Nc5 Rb6 23. Qxb6 Bxb6 24. Nxd7 Kxd7 25. Rd3 Rc8 26. Kb1 Bf2 27. c4 d4 28. Bc5 Ke8 29. Rh2 Be3 30. b4 b6 31. b5 1-0


[Site "https://www.chess.com"]

[Event "Titled Tuesday Blitz April 25 Early 2023"]
[White "Petrova, Irina"]
[Black "Grossboss19"]
[WhiteFideId "14124122"]
[WhiteElo "2084"]
[BlackElo "2230"]
[Result "1-0"]
[Round "05"]
[TimeControl "180+2"]
[Date "2023.04.25"]
[WhiteClock "0:01:01"]
[BlackClock "0:00:24"]

1. e4 e6 2. d4 d5 3. Nc3 Nf6 4. Bg5 Be7 5. e5 Nfd7 6. Bxe7 Qxe7 7. f4 a6 8. Nf3 c5 9. Qd2 Nc6 10. dxc5 Nxc5 11. Bd3 b5 12. a3 f6 13. O-O O-O 14. Rae1 f5 15. Ne2 Bb7 16. Ned4 Rac8 17. c3 Rfd8 18. Nxc6 Bxc6 19. Nd4 Be8 20. Bc2 Bh5 21. Qf2 Qe8 22. Qg3 a5 23. Re3 Rb8 24. Qg5 h6 25. Qh4 b4 26. axb4 axb4 27. Rg3 Bg6 28. Nc6 Qxc6 29. Rxg6 Kh7 30. Bxf5 Kh8 31. Rxh6+ gxh6 32. Qxh6+ Kg8 33. Bh7+ Kf7 34. Qg6+ Kf8 35. Qg8+ Ke7 36. Qg7+ 1-0


[Site "https://www.chess.com"]

[Event "Titled Tuesday Blitz April 25 Early 2023"]
[White "Belenkaya, Dina"]
[Black "Clawitter, Craig"]
[WhiteFideId "24142654"]
[BlackFideId "2023105"]
[WhiteElo "2208"]
[BlackElo "2229"]
[Result "1-0"]
[Round "05"]
[TimeControl "180+2"]
[Date "2023.04.25"]
[WhiteClock "0:00:06"]
[BlackClock "0:00:01"]

1. Nf3 Nf6 2. g3 d5 3. Bg2 e6 4. d3 c5 5. Nbd2 Nc6 6. O-O Be7 7. c3 O-O 8. Qc2 b5 9. e4 a5 10. e5 Nd7 11. Re1 b4 12. c4 Qc7 13. cxd5 exd5 14. d4 Ra7 15. Nb3 a4 16. Nxc5 Nxd4 17. Nxd4 Qxc5 18. Qxc5 Bxc5 19. Nc6 Rc7 20. Bxd5 Bb7 21. e6 Bxc6 22. Bxc6 Rxc6 23. exd7 Rd6 24. Bf4 Rxd7 25. Rac1 Bd4 26. b3 axb3 27. axb3 Bc3 28. Re4 h6 29. Be3 Rfd8 30. Kg2 Rd1 31. Rxd1 Rxd1 32. Bc5 Rb1 33. Bxb4 Rxb3 34. Bc5 Bf6 35. Re8+ Kh7 36. Rf8 Kg6 37. h4 h5 38. Rc8 Rb5 39. Rc6 Rb3 40. Bd4 Rd3 41. Bxf6 gxf6 42. Rc8 Rd5 43. Rg8+ Kf5 44. Kh3 Rd2 45. f3 Rd1 46. g4+ hxg4+ 47. fxg4+ Kf4 48. h5 Rh1+ 49. Kg2 Rh4 50. Rg7 f5 51. g5 1-0


[Site "https://www.chess.com"]

[Event "Titled Tuesday Blitz April 25 Early 2023"]
[White "Floresvillar Gonzalez, Luis Migu"]
[Black "Topalov, Aleksandar"]
[WhiteFideId "5100542"]
[BlackFideId "925659"]
[WhiteElo "2040"]
[BlackElo "2151"]
[Result "0-1"]
[Round "05"]
[TimeControl "180+2"]
[Date "2023.04.25"]
[WhiteClock "0:00:02"]
[BlackClock "0:00:16"]

1. e4 e6 2. d4 d5 3. Nd2 Nf6 4. e5 Ng8 5. f4 Ne7 6. Ngf3 h5 7. Bd3 g6 8. c3 Qd7 9. b4 c6 10. a4 b6 11. a5 Ba6 12. Qe2 Bxd3 13. Qxd3 Qb7 14. Bb2 Nf5 15. O-O Be7 16. axb6 axb6 17. Rxa8 Qxa8 18. Ra1 Qb7 19. Nf1 O-O 20. Ne3 Nxe3 21. Qxe3 c5 22. Ba3 cxb4 23. Bxb4 Bxb4 24. cxb4 Nc6 25. b5 Na5 26. f5 exf5 27. Ng5 Re8 28. Re1 Nc4 29. Qf4 Qd7 30. h4 Nd6 31. e6 fxe6 32. Nf3 Ne4 33. Ne5 Qg7 34. Rc1 Re7 35. Rc8+ Kh7 36. Rc6 g5 37. hxg5 Nxg5 38. Kh2 Ne4 39. Rxb6 Qg5 40. Qxg5 Nxg5 41. Nf3 Ne4 42. Kh3 Kg7 43. Kh4 Kf6 44. Rc6 Rb7 45. b6 Nf2 0-1


[Site "https://www.chess.com"]

[Event "Titled Tuesday Blitz April 25 Early 2023"]
[White "Pourkashiyan, Atousa"]
[Black "Elaisaz"]
[WhiteFideId "12502014"]
[WhiteElo "2228"]
[BlackElo "2207"]
[Result "1-0"]
[Round "05"]
[TimeControl "180+2"]
[Date "2023.04.25"]
[WhiteClock "0:01:37"]
[BlackClock "0:00:29"]

1. e4 e5 2. Nf3 Nc6 3. Bb5 a6 4. Ba4 b5 5. Bb3 Bc5 6. c3 Nf6 7. O-O d6 8. d4 Bb6 9. dxe5 dxe5 10. Qe2 O-O 11. Bg5 h6 12. Bh4 Qe7 13. Nbd2 Be6 14. Bd5 Bd7 15. Rfe1 Rad8 16. Nf1 Nb8 17. Ne3 c6 18. Bb3 g5 19. Nxg5 hxg5 20. Bxg5 c5 21. Qf3 Kg7 22. Nd5 1-0


[Site "https://www.chess.com"]

[Event "Titled Tuesday Blitz April 25 Early 2023"]
[White "Mouhamad, Joachim"]
[Black "Putri, Regita Desyari"]
[WhiteFideId "656410"]
[BlackFideId "7109083"]
[WhiteElo "2125"]
[BlackElo "1930"]
[Result "1-0"]
[Round "05"]
[TimeControl "180+2"]
[Date "2023.04.25"]
[WhiteClock "0:00:09"]
[BlackClock "0:00:03"]

1. e4 e5 2. Nf3 Nc6 3. Bb5 a6 4. Ba4 Nf6 5. O-O Be7 6. d3 b5 7. Bb3 O-O 8. a4 Rb8 9. axb5 axb5 10. Re1 d6 11. h3 h6 12. c3 Be6 13. Bc2 b4 14. d4 bxc3 15. bxc3 exd4 16. cxd4 Nb4 17. Ba4 Bc4 18. Na3 Bd3 19. Bd2 Bxe4 20. Bb5 c5 21. Bf1 Bh7 22. dxc5 dxc5 23. Ne5 Qc7 24. Bc4 Ne4 25. Bf4 Bd6 26. Nb5 Rxb5 27. Bxb5 Bxe5 28. Bxe5 Qxe5 29. f3 Qg3 30. fxe4 Re8 31. Qf3 Qxf3 32. gxf3 Rd8 33. Rad1 Rb8 34. Bc4 Bg6 35. Rd7 Nc6 36. Rd6 Ne7 37. f4 Kh7 38. f5 Bh5 39. Rd7 Nc6 40. Bxf7 Ne5 41. Bxh5 Rf8 42. Bg6+ Nxg6 43. fxg6+ Kxg6 44. Rd6+ Kh7 45. Rf1 Re8 46. Re1 c4 47. Rc6 1-0


[Site "https://www.chess.com"]

[Event "Titled Tuesday Blitz April 25 Early 2023"]
[White "Ciuffoletti, Paolo"]
[Black "Pandey Srishti"]
[WhiteFideId "807630"]
[BlackFideId "35093290"]
[WhiteElo "2143"]
[BlackElo "2083"]
[Result "0-1"]
[Round "05"]
[TimeControl "180+2"]
[Date "2023.04.25"]
[WhiteClock "0:00:03"]
[BlackClock "0:00:09"]

1. e4 e5 2. Nf3 Nc6 3. Bc4 Bc5 4. b4 Bxb4 5. c3 Be7 6. d4 Na5 7. Nxe5 Nxc4 8. Nxc4 d5 9. exd5 Qxd5 10. Ne3 Qd8 11. O-O Nf6 12. c4 O-O 13. Bb2 a6 14. Qf3 Rb8 15. d5 Nd7 16. Nd2 Bf6 17. Bxf6 Qxf6 18. Qg3 b5 19. Qxc7 bxc4 20. Ndxc4 Rb7 21. Qg3 Nb6 22. Nd6 Re7 23. Nxc8 Nxc8 24. Rad1 Nd6 25. Qg4 Re4 26. Qd7 Rd8 27. Qc7 Ra4 28. Rb1 g6 29. Rb8 Rxb8 30. Qxb8+ Kg7 31. h3 Rxa2 32. Qc7 Ne4 33. Ng4 Qd4 34. Qe5+ Qxe5 35. Nxe5 Rd2 36. f3 Ng3 37. Rf2 Rd1+ 38. Kh2 Nf1+ 39. Kg1 Ne3+ 40. Kh2 Rxd5 0-1


[Site "https://www.chess.com"]

[Event "Titled Tuesday Blitz April 25 Early 2023"]
[White "Tarnowska, Aleksandra"]
[Black "littlepillow2010"]
[WhiteFideId "1180967"]
[WhiteElo "1776"]
[BlackElo "2362"]
[Result "0-1"]
[Round "05"]
[TimeControl "180+2"]
[Date "2023.04.25"]
[WhiteClock "0:00:12"]
[BlackClock "0:00:11"]

1. e4 c5 2. Nf3 d6 3. Bb5+ Nc6 4. O-O Bd7 5. c3 e5 6. d4 Qc7 7. dxe5 dxe5 8. Nbd2 a6 9. Bxc6 Bxc6 10. Re1 O-O-O 11. Qc2 Ne7 12. a4 Ng6 13. a5 Bb5 14. b3 Bd3 15. Qa2 Be7 16. Ba3 Nf4 17. b4 Ne2+ 18. Kh1 Nxc3 19. Qb3 Nb5 20. bxc5 Nxa3 21. Rxa3 Kb8 22. Rc1 f5 23. c6 Bxa3 24. Qxa3 fxe4 25. Ng5 Rd6 26. cxb7 Qd7 27. Qc3 Rd8 28. Nf7 Qxb7 29. Nxd6 Rxd6 30. h3 e3 31. fxe3 Bb5 32. Nc4 Rc6 33. Qxe5+ Qc7 34. Qxc7+ Kxc7 35. Rf1 Bxc4 36. Rf8 Rf6 37. Rh8 h6 38. Re8 Re6 39. Rf8 Rxe3 40. Kh2 Kc6 41. Rd8 Kb5 42. Rc8 Bd5 43. Rd8 Bc6 44. Rd6 Re2 45. Rg6 Bd5 46. Rxg7 Kxa5 47. Rg6 Kb5 48. Kg3 Rxg2+ 49. Kh4 Rxg6 50. Kh5 Rg8 51. h4 Bf3+ 52. Kxh6 Rh8+ 53. Kg5 Rh5+ 54. Kf4 Rxh4+ 55. Kg3 Rc4 56. Kxf3 a5 57. Ke3 a4 58. Kd3 a3 59. Kd2 a2 60. Kd3 a1=Q 61. Kd2 Qb2+ 62. Kd3 Qb3+ 63. Kd2 Rc2+ 64. Kd1 Qb1# 0-1


[Site "https://www.chess.com"]

[Event "Titled Tuesday Blitz April 25 Early 2023"]
[White "GregLeBarbare"]
[Black "Fernandez Garcia, Gumersindo"]
[BlackFideId "24516740"]
[WhiteElo "2166"]
[BlackElo "2093"]
[Result "0-1"]
[Round "05"]
[TimeControl "180+2"]
[Date "2023.04.25"]
[WhiteClock "0:00:04"]
[BlackClock "0:00:43"]

1. d4 Nf6 2. Nf3 e6 3. Bf4 c5 4. e3 Nc6 5. c3 b6 6. Nbd2 Bb7 7. Nc4 d6 8. dxc5 e5 9. Bg3 bxc5 10. Qa4 Be7 11. Rd1 Qc7 12. Be2 O-O 13. O-O Ne4 14. Nfd2 Nxg3 15. hxg3 d5 16. Na3 a6 17. c4 d4 18. Bf3 Rad8 19. Bd5 Nb4 20. e4 Bxd5 21. cxd5 f5 22. f3 Bg5 23. Ndc4 d3 24. Qb3 Rf6 25. Qc3 fxe4 26. fxe4 Rdf8 27. Qxe5 Rxf1+ 28. Rxf1 Rxf1+ 29. Kxf1 Qf7+ 30. Qf5 Nc2 31. Qxf7+ Kxf7 32. d6 Nd4 33. Ke1 Ke6 34. Kd1 Ne2 35. Nb1 Nxg3 36. Nc3 h5 37. e5 Nf5 38. Nb6 Ne3+ 39. Kd2 Nc4+ 40. Kxd3 Nxb6 41. Ne4 Bd8 42. Nxc5+ Kxe5 43. d7 Kd6 44. Nb7+ Kxd7 45. Nxd8 Kxd8 46. Ke4 Ke7 47. Kf5 Kf7 48. Kg5 g6 49. b4 Nd5 50. a3 Ne3 51. a4 Nxg2 52. b5 axb5 53. a5 Ne3 54. a6 Nd5 55. a7 Nc7 0-1


[Site "https://www.chess.com"]

[Event "Titled Tuesday Blitz April 25 Early 2023"]
[White "Luong Phuong Hanh"]
[Black "Jaivardhan Raj"]
[WhiteFideId "12401013"]
[BlackFideId "25744437"]
[WhiteElo "2081"]
[BlackElo "1772"]
[Result "1-0"]
[Round "05"]
[TimeControl "180+2"]
[Date "2023.04.25"]
[WhiteClock "0:00:49"]
[BlackClock "0:00:43"]

1. d4 Nf6 2. Nf3 e6 3. e3 g6 4. Be2 Bg7 5. O-O O-O 6. c4 d6 7. b3 c5 8. Bb2 b6 9. Nbd2 Bb7 10. Rc1 Nbd7 11. Qc2 cxd4 12. Nxd4 Rc8 13. Rfd1 a6 14. Bf3 Bxf3 15. N2xf3 Qc7 16. Qe2 Nc5 17. Nd2 Rfd8 18. e4 Qb7 19. Re1 e5 20. Nc2 Ne6 21. Nb4 Nf4 22. Qf3 a5 23. Nd5 N6xd5 24. exd5 e4 25. Qxf4 Bxb2 26. Rc2 Be5 27. Qxe4 Re8 28. g3 f5 29. Qf3 Qf7 30. Qd3 Bf6 31. Rcc1 Bb2 32. Rb1 Ba3 33. Nf3 Bc5 34. Ng5 Qf6 35. Ne6 Re7 36. Kg2 Rce8 37. f4 h5 38. Re2 h4 39. Rbe1 hxg3 40. hxg3 Bb4 41. Rh1 Bc5 42. Kf3 Rf7 43. Reh2 Rfe7 44. Rh6 Rxe6 45. dxe6 Rxe6 46. Rh8+ Qxh8 47. Rxh8+ Kxh8 48. Qd5 Re3+ 49. Kg2 Re2+ 50. Kh3 Rxa2 51. Qf7 Ra3 52. Qxg6 Rxb3 53. Qxf5 a4 54. Qf8+ Kh7 55. Qf7+ Kh8 56. f5 Bf2 57. Qf8+ Kh7 58. Qf7+ Kh8 59. Qh5+ Kg7 60. Qg6+ Kh8 61. Qe8+ Kh7 62. Qxa4 Rxg3+ 63. Kh2 Rf3 64. Qd7+ Kh8 65. Qe8+ Kh7 66. Qh5+ 1-0


[Site "https://www.chess.com"]

[Event "Titled Tuesday Blitz April 25 Early 2023"]
[White "Lopez Del Alamo, Antonio"]
[Black "Wimalasuriya, Kasun M."]
[WhiteFideId "2227339"]
[BlackFideId "9906789"]
[WhiteElo "2175"]
[BlackElo "2156"]
[Result "1-0"]
[Round "05"]
[TimeControl "180+2"]
[Date "2023.04.25"]
[WhiteClock "0:01:21"]
[BlackClock "0:01:55"]

1. e4 c5 2. f3 Nf6 3. c4 e6 4. e5 Ng8 5. f4 Nc6 6. Nf3 d6 7. Nc3 Nge7 8. d4 cxd4 9. Nb5 dxe5 10. fxe5 Nf5 11. Bd3 a6 12. Bxf5 axb5 13. cxb5 Qa5+ 14. Bd2 Qxb5 15. Be4 Nxe5 16. Nxe5 Qxe5 17. Qe2 Bd7 18. Bxb7 Qxe2+ 19. Kxe2 Rb8 20. Bf3 Rxb2 21. Rhb1 Rxb1 22. Rxb1 Bd6 23. Rb7 Ke7 24. Bc6 Rd8 25. a4 Bxh2 26. Ba5 Kd6 27. Bxd8 Bxc6 28. Rxf7 Bxa4 29. Bc7+ Kd5 30. Bxh2 Bb5+ 31. Kd2 1-0


[Site "https://www.chess.com"]

[Event "Titled Tuesday Blitz April 25 Early 2023"]
[White "Hartikainen, Jarmo"]
[Black "Degtiarev, Evgeny"]
[WhiteFideId "503134"]
[BlackFideId "4149610"]
[WhiteElo "2148"]
[BlackElo "2284"]
[Result "1-0"]
[Round "05"]
[TimeControl "180+2"]
[Date "2023.04.25"]
[WhiteClock "0:00:10"]
[BlackClock "0:00:11"]

1. e4 e5 2. Nf3 Nc6 3. Bc4 Bc5 4. c3 Nf6 5. d4 exd4 6. b4 Bb6 7. e5 d5 8. exf6 dxc4 9. Qe2+ Be6 10. b5 d3 11. Qe4 Nb4 12. O-O Nc2 13. fxg7 Rg8 14. Qxh7 Kd7 15. Ne5+ Kc8 16. Bg5 f6 17. Bh4 Bc5 18. Nd2 Nxa1 19. Rxa1 Be7 20. Nexc4 b6 21. Re1 Bd5 22. Ne3 Bxa2 23. Nf5 Bc5 24. Nh6 Kb7 25. Nxg8 Bxg8 26. Qe4+ Qd5 27. Bxf6 a6 28. bxa6+ Rxa6 29. h4 Ra2 30. Qxd5+ Bxd5 31. Bg5 b5 32. h5 b4 33. h6 bxc3 34. h7 cxd2 35. Bxd2 Rxd2 36. h8=Q Bd4 37. g8=Q Bxg8 38. Qxg8 Rxf2 39. Qd5+ c6 40. Qxd4 d2 41. Kxf2 dxe1=Q+ 42. Kxe1 1-0


[Site "https://www.chess.com"]

[Event "Titled Tuesday Blitz April 25 Early 2023"]
[White "Szente Varga, Fruzsina"]
[Black "Maluco_do_Natal_00"]
[WhiteFideId "712264"]
[WhiteElo "1994"]
[BlackElo "2015"]
[Result "1-0"]
[Round "05"]
[TimeControl "180+2"]
[Date "2023.04.25"]
[WhiteClock "0:00:50"]
[BlackClock "0:00:01"]

1. e4 c5 2. Nf3 Nc6 3. Bb5 e6 4. O-O Nge7 5. b3 d6 6. Bb2 e5 7. c3 Bd7 8. d4 Ng6 9. dxc5 dxc5 10. c4 Qc7 11. Nc3 Nd4 12. Bxd7+ Qxd7 13. Nd5 Bd6 14. Nxd4 cxd4 15. Rc1 b6 16. Qd2 O-O 17. b4 Rac8 18. Rc2 Rc6 19. Rfc1 Rfc8 20. b5 Rc5 21. Ba3 Rxd5 22. cxd5 Rxc2 23. Qxc2 Bxa3 24. Qc8+ Qxc8 25. Rxc8+ Nf8 26. Kf1 f6 27. Ke2 Kf7 28. Rc7+ Kg6 29. Rxa7 Bc5 30. Kd3 f5 31. f3 fxe4+ 32. fxe4 Kf6 33. a4 g5 34. Rc7 Ng6 35. a5 Nf4+ 36. Kc2 Nxg2 37. a6 Ne3+ 38. Kd3 1-0


[Site "https://www.chess.com"]

[Event "Titled Tuesday Blitz April 25 Early 2023"]
[White "Butolo, Alexandru-Mircea"]
[Black "Derichs, Roger"]
[WhiteFideId "1261649"]
[BlackFideId "4630076"]
[WhiteElo "1861"]
[BlackElo "2336"]
[Result "0-1"]
[Round "05"]
[TimeControl "180+2"]
[Date "2023.04.25"]
[WhiteClock "0:00:05"]
[BlackClock "0:00:31"]

1. Nf3 d5 2. g3 g6 3. Bg2 Bg7 4. O-O Nf6 5. d3 O-O 6. Nbd2 c5 7. e4 Nc6 8. Re1 b6 9. c3 Bb7 10. Qc2 Re8 11. h4 e6 12. Nf1 h5 13. Bg5 Qc7 14. e5 Ng4 15. d4 Rac8 16. Rac1 Ne7 17. Qd2 Nf5 18. N1h2 Nxh2 19. Nxh2 Kh7 20. Nf1 Ba6 21. Ne3 Nxe3 22. Qxe3 cxd4 23. cxd4 Qd7 24. Bf1 Bxf1 25. Rxf1 Rxc1 26. Rxc1 Rc8 27. Rxc8 Qxc8 28. Qc3 Qxc3 29. bxc3 Kg8 30. Kf1 Kf8 31. Ke2 Ke8 32. Kd3 Kd7 33. Bc1 Bf8 34. c4 Kc6 35. Bd2 dxc4+ 36. Kxc4 b5+ 37. Kd3 Kd5 38. Ba5 Ba3 39. Bd8 Bb2 40. Ke3 Bxd4+ 41. Kf4 Bxe5+ 42. Kg5 Kd6 43. Bf6 a5 44. f4 Bxf6+ 45. Kxf6 b4 46. Kxf7 a4 47. Kxg6 b3 48. Kxh5 bxa2 0-1


[Site "https://www.chess.com"]

[Event "Titled Tuesday Blitz April 25 Early 2023"]
[White "mohsengabr2002"]
[Black "Prado, Alexandra"]
[BlackFideId "3301346"]
[WhiteElo "2335"]
[BlackElo "1759"]
[Result "1-0"]
[Round "05"]
[TimeControl "180+2"]
[Date "2023.04.25"]
[WhiteClock "0:00:14"]
[BlackClock "0:00:02"]

1. Nf3 Nf6 2. g3 g6 3. Bg2 Bg7 4. O-O O-O 5. d4 d6 6. c4 Nc6 7. d5 Na5 8. Nfd2 c5 9. Nc3 a6 10. Rb1 Rb8 11. a3 b5 12. cxb5 axb5 13. b4 cxb4 14. Rxb4 Nd7 15. Nxb5 Ba6 16. a4 Nc5 17. Bb2 Bxb2 18. Rxb2 Qd7 19. Qc2 Bxb5 20. axb5 Rxb5 21. Rxb5 Qxb5 22. Ra1 Nab7 23. Bf1 Qd7 24. Ra7 Qg4 25. Qc4 Qxc4 26. Nxc4 Rb8 27. e3 Kf8 28. Nb6 Nd8 29. Nd7+ Nxd7 30. Rxd7 Ke8 31. Ra7 Kf8 32. Kg2 Nb7 33. h4 Nc5 34. Be2 h5 35. g4 Rb2 36. Bf3 hxg4 37. Bxg4 Nd3 38. Kg3 Nxf2 39. Bf3 Rd2 40. h5 gxh5 41. Bxh5 Nd3 42. Ra8+ Kg7 43. Ra7 Kf6 44. Bf3 Ne5 45. Be4 1-0


[Site "https://www.chess.com"]

[Event "Titled Tuesday Blitz April 25 Early 2023"]
[White "Ordekalog"]
[Black "Mammadov, Ziya"]
[BlackFideId "13418890"]
[WhiteElo "2483"]
[BlackElo "1583"]
[Result "1-0"]
[Round "05"]
[TimeControl "180+2"]
[Date "2023.04.25"]
[WhiteClock "0:01:11"]
[BlackClock "0:00:13"]

1. e4 e6 2. Bb5 c6 3. Ba4 d5 4. exd5 exd5 5. Nf3 Nf6 6. O-O Bd6 7. Re1+ Be6 8. d4 O-O 9. h3 a5 10. c3 Nbd7 11. Nbd2 Nb6 12. Bc2 Qc7 13. Nf1 Rfe8 14. Bg5 Be7 15. Ng3 h6 16. Bxf6 Bxf6 17. Nh5 Qd6 18. Qd3 Kf8 19. Qh7 Ke7 20. Nxg7 Rh8 21. Qxh8 Rxh8 22. Nf5+ Kd7 23. Nxd6 Kxd6 24. Ne5 Rg8 25. b3 Bxh3 26. Nxf7+ Kc7 27. g3 Bd7 28. Nxh6 Rh8 29. Nf5 a4 30. Kg2 axb3 31. axb3 Nc8 32. Rh1 Rf8 33. Rh7 Kd8 34. Ra8 Bg5 35. Nd6 Kc7 36. Nxc8 Rxc8 37. Rxd7+ Kxd7 38. Bf5+ Ke7 39. Rxc8 Kf6 40. Bg4 Ke7 41. Rc7+ Kd6 42. Rxb7 c5 43. Rb6+ Kc7 44. dxc5 d4 45. cxd4 Bd2 46. f4 Ba5 47. Rd6 Kb8 48. Kf3 Bc7 49. Rg6 Ba5 50. Ke4 Bc3 51. Kd5 Bb4 52. Kc6 Bxc5 53. dxc5 Ka7 54. Rg8 Ka6 55. Ra8# 1-0


[Site "https://www.chess.com"]

[Event "Titled Tuesday Blitz April 25 Early 2023"]
[White "Prieto Aranguren, Alain"]
[Black "Zavortink, Matt"]
[WhiteFideId "2268906"]
[BlackFideId "2034263"]
[WhiteElo "2209"]
[BlackElo "2471"]
[Result "1-0"]
[Round "05"]
[TimeControl "180+2"]
[Date "2023.04.25"]
[WhiteClock "0:00:13"]
[BlackClock "0:00:02"]

1. e4 e6 2. d4 d5 3. exd5 exd5 4. Bd3 Nf6 5. Nf3 c5 6. dxc5 Bxc5 7. O-O O-O 8. Nbd2 h6 9. Nb3 Bb6 10. Bf4 Nc6 11. c3 Bg4 12. Be2 Re8 13. Nfd4 Bxe2 14. Nxe2 Ne4 15. Ned4 Qf6 16. Be3 Rad8 17. Qf3 Nxd4 18. Nxd4 Bxd4 19. cxd4 Qxf3 20. gxf3 Nd6 21. b3 Rc8 22. Rfc1 Nf5 23. Kf1 Kf8 24. Ke1 Ke7 25. Kd2 Kd7 26. Rxc8 Rxc8 27. Rg1 g6 28. Kd3 h5 29. Rb1 b5 30. Rg1 Rc6 31. Bd2 Ra6 32. Ra1 Nh4 33. Ke2 Nf5 34. Kd3 Re6 35. a4 bxa4 36. Rxa4 a6 37. Ra5 Rd6 38. Bf4 Rb6 39. Rxd5+ Ke6 40. Re5+ Kf6 41. Kc3 g5 42. Be3 Rc6+ 43. Rc5 Rb6 44. d5 Ne7 45. Bxg5+ Kxg5 46. d6+ Kf6 47. dxe7 Kxe7 48. Rxh5 Rf6 49. Rh3 Rf4 50. Kd3 f6 51. Ke3 Rb4 52. Rh7+ Ke6 53. Ra7 Rxb3+ 54. Kf4 Ra3 55. h4 Ra4+ 56. Kg3 Kf5 57. Rg7 Ra1 58. Kg2 Rb1 59. h5 Rb8 60. h6 Rh8 61. h7 1-0


[Site "https://www.chess.com"]

[Event "Titled Tuesday Blitz April 25 Early 2023"]
[White "Kalajzic, Ivan"]
[Black "Dzhaparov, Medet"]
[WhiteFideId "14506378"]
[BlackFideId "13803689"]
[WhiteElo "2203"]
[BlackElo "1690"]
[Result "1-0"]
[Round "05"]
[TimeControl "180+2"]
[Date "2023.04.25"]
[WhiteClock "0:00:45"]
[BlackClock "0:00:16"]

1. d4 Nf6 2. Nc3 d5 3. Bg5 g6 4. Qd2 Bg7 5. Bh6 O-O 6. h4 c5 7. Bxg7 Kxg7 8. e3 Nc6 9. Nf3 cxd4 10. Nxd4 e5 11. Nxc6 bxc6 12. O-O-O Rb8 13. Be2 Qa5 14. h5 Qb4 15. b3 Qa3+ 16. Kb1 a5 17. h6+ Kg8 18. Qc1 Qxc1+ 19. Kxc1 Bf5 20. Na4 Nd7 21. g4 Be6 22. f4 exf4 23. exf4 Rb4 24. Rhf1 f5 25. g5 Rc8 26. c3 Re4 27. Bd3 Re3 28. Kd2 Rh3 29. Rde1 Kf7 30. Re2 Re8 31. Rfe1 Rf3 32. Ba6 Rxf4 33. Bb7 Re4 34. Bxc6 Rd8 35. Bxd7 Bxd7 36. Nc5 Rxe2+ 37. Rxe2 Bb5 38. Re5 Bc6 39. Ke3 Re8 40. Kf4 Rxe5 41. Kxe5 Ke7 42. Ne6 Bb7 43. Nf4 Bc6 44. a4 Bb7 45. b4 axb4 46. cxb4 Bc6 47. b5 Bb7 48. a5 Kd7 49. a6 Ba8 50. b6 Kc6 51. b7 Bxb7 52. axb7 Kxb7 53. Nxd5 Kc6 54. Nf6 1-0


[Site "https://www.chess.com"]